Map: King's Cove LE

Players

Cham

  • Race: Zerg Zerg
  • Spawn Location: 5:00

Zanster - Winner!

  • Race: Zerg Zerg
  • Spawn Location: 11:00

Event: 2019 WCS Spring

VOD

Have the link to the VOD?

Description

Time

  • Played on: May 17, 2019, 10:55 a.m.
  • Length: 8:44

All games in this series

Show
View Real Time Build Order
Export as new Build Order

Cham Zerg 

Build Orders: Hatch First 

Get SALT Encoding   

  12  0:00  Drone  
  13  0:09  Drone  
  14  0:17  Overlord  
  14  0:36  Drone x2  
  16  0:48  Hatchery  
  15  0:52  Drone  
  15  0:56  Drone  
  17  1:04  Drone  
  18  1:09  Extractor  
  17  1:15  Spawning Pool  
  16  1:19  Drone  
  16  1:22  Drone  
  18  1:30  Drone  
  19  1:43  Overlord  
  19  1:51  Drone  
  20  2:01  Queen x2  
  20  2:02  Zergling x2  
  20  2:03  Drone  
  26  2:09  Metabolic Boost  
  26  2:13  Drone  
  27  2:18  Drone  
  28  2:25  Zergling x2  
  29  2:34  Drone  
  30  2:39  Hatchery  
  30  2:42  Drone  
  30  2:48  Queen  
  33  2:51  Drone  
  33  3:00  Drone  
  33  3:01  Overlord  
  34  3:07  Drone  
  34  3:08  Drone  
  34  3:11  Overlord  
  36  3:21  Drone x2  
  36  3:22  Drone x3  
  36  3:23  Drone  
  36  3:25  Drone  
  43  3:28  Zergling x2  
  43  3:30  Zergling x2  
  45  3:37  Zergling x2  
  46  3:45  Roach Warren  
  46  3:46  Zergling x2  
  46  3:49  Zergling x4  
  46  3:50  Zergling x2  
  46  3:52  Zergling x4  
  50  3:56  Queen  
  50  4:00  Zergling x2  
  50  4:01  Zergling x6  
  56  4:05  Overlord  
  56  4:16  Overlord  
  56  4:17  Overlord  
  56  4:18  Zergling x2  
  56  4:24  Overlord  
  56  4:35  Roach x6  
  68  4:39  Roach x2  
  71  4:48  Overlord  
  71  4:49  Roach  
  71  4:51  Roach  
  75  4:56  Roach x3  
  81  5:05  Overlord  
  81  5:06  Drone x5  
  85  5:15  Lair  
  85  5:17  Overlord, Drone  
  86  5:21  Overlord  
  86  5:22  Roach  
  88  5:34  Evolution Chamber  
  89  5:35  Roach  
  89  5:41  Roach  
  88  5:46  Queen x2  
  88  5:47  Overlord  
  88  5:48  Overlord  
  88  5:49  Extractor  
  87  5:50  Extractor  
  87  5:51  Roach  
  87  5:52  Drone  
  84  6:02  Roach  
  73  6:04  Drone x4  
  73  6:05  Drone x2  
  73  6:07  Roach  
  68  6:14  Evolution Chamber  
  68  6:15  Roach, Drone x2  
  71  6:18  Overlord  
  71  6:22  Roach  
  73  6:27  Roach x2  
  73  6:31  Roach  
  79  6:33  Roach  
  79  6:39  Ravager  
  78  6:41  Zergling x6  
  78  6:43  Roach  
  78  6:44  Zergling x4  
  73  6:48  Roach  
  73  6:49  Roach  
  71  6:54  Overlord  
  71  6:57  Drone x2  
  73  7:07  Overlord, Drone x3  
  73  7:08  Drone  
  77  7:11  Drone x3  
  77  7:14  Drone  
  77  7:15  Drone x2  
  83  7:18  Extractor  
  83  7:19  Glial Reconstitution  
  82  7:23  Roach  
  82  7:25  Roach  
  82  7:28  Roach  
  89  7:31  Roach  
  89  7:34  Roach x2  
  89  7:36  Roach  
  97  7:40  Evolution Chamber  
  97  7:41  Evolution Chamber  
  95  7:47  Roach  
  87  7:59  Roach  
  87  8:03  Roach x2  
  87  8:04  Roach x4  
  87  8:05  Roach x2  
  98  8:11  Ravager  
  98  8:12  Roach  
  98  8:14  Roach x2  
  98  8:17  Roach  
  101  8:32  Baneling Nest  
Show
View Real Time Build Order
Export as new Build Order

Zanster Zerg - Winner!

Build Orders: Hatch First 

Get SALT Encoding   

  12  0:00  Drone  
  13  0:13  Overlord  
  13  0:18  Drone  
  14  0:31  Drone  
  14  0:32  Drone  
  16  0:50  Hatchery  
  16  0:53  Drone  
  16  0:56  Drone  
  17  1:00  Drone  
  18  1:10  Extractor  
  17  1:16  Spawning Pool  
  16  1:19  Drone  
  16  1:22  Drone  
  18  1:29  Drone  
  19  1:40  Drone  
  20  1:52  Drone  
  21  2:02  Overlord, Queen x2  
  21  2:03  Zergling x2  
  26  2:12  Metabolic Boost  
  26  2:15  Drone x2  
  28  2:23  Drone  
  28  2:24  Drone  
  30  2:34  Zergling x2  
  31  2:42  Hatchery  
  31  2:44  Drone  
  31  2:50  Baneling Nest  
  30  2:52  Drone  
  30  2:57  Overlord  
  31  3:00  Drone  
  32  3:07  Evolution Chamber  
  32  3:10  Drone x2  
  32  3:12  Drone  
  34  3:13  Zergling x2  
  34  3:16  Zergling x2  
  34  3:18  Zergling x2  
  37  3:21  Zergling x2  
  37  3:23  Zergling x2  
  37  3:27  Zergling x2  
  40  3:28  Zergling x2  
  40  3:32  Overlord  
  41  3:37  Zerg Melee Weapons Level 1  
  41  3:44  Drone  
  41  3:45  Drone x2  
  43  3:48  Drone  
  43  3:51  Baneling  
  43  3:52  Baneling, Drone  
  43  3:53  Drone  
  43  3:54  Zergling x2  
  47  3:57  Drone  
  47  3:58  Drone  
  49  4:05  Drone  
  49  4:06  Queen  
  52  4:13  Overlord  
  52  4:16  Drone x3  
  55  4:17  Extractor  
  55  4:18  Drone x2  
  55  4:29  Zergling x6  
  55  4:30  Overlord  
  57  4:36  Zergling x6  
  57  4:38  Overlord  
  60  4:42  Zergling x2  
  60  4:46  Baneling x2  
  60  4:48  Zergling x10  
  60  4:49  Zergling x4  
  67  4:59  Zergling x2  
  68  5:00  Zergling x6  
  71  5:07  Overlord, Baneling  
  71  5:08  Baneling x6  
  71  5:13  Zergling x4  
  73  5:15  Overlord  
  73  5:17  Zergling x6  
  73  5:20  Zergling x2  
  73  5:21  Zergling x4  
  79  5:23  Zergling x2  
  79  5:25  Zergling x2  
  81  5:31  Lair  
  81  5:32  Zergling x2  
  81  5:33  Zergling x2  
  83  5:36  Zergling x2  
  83  5:39  Overlord  
  81  5:45  Zergling x2  
  81  5:46  Zergling x6  
  81  5:49  Extractor  
  82  5:50  Extractor  
  72  5:57  Zergling x2  
  72  5:58  Zergling x10  
  72  6:03  Zergling x2  
  60  6:13  Zerg Ground Armor Level 1  
  60  6:19  Drone x3  
  60  6:20  Drone x9  
  72  6:27  Overlord  
  72  6:30  Spire  
  72  6:31  Zergling x4  
  73  6:39  Zergling x6  
  75  6:44  Zergling x4  
  68  6:50  Zergling x6  
  68  6:56  Zergling x14  
  68  6:59  Zergling x4  
  77  7:07  Zergling x2  
  78  7:11  Overlord  
  79  7:15  Zergling x2  
  79  7:16  Zergling x2  
  79  7:20  Overlord  
  80  7:24  Zergling x6  
  80  7:25  Zergling x14  
  90  7:35  Overlord  
  88  7:44  Mutalisk  
  88  7:45  Mutalisk x4  
  95  7:56  Mutalisk x4  
  98  8:02  Zergling x2  
  98  8:03  Zergling x12  
  100  8:11  Mutalisk  
  96  8:14  Zergling x2  
  96  8:15  Zergling x4  
  98  8:23  Zergling x2  
  98  8:24  Zergling x12  
Tags
 
Add a new tag
Caveats
  • Supply blocks, unpowered buildings, or Contaminate may cause inaccurate times.
  • Supply counts are checked every 10 seconds.